[Event "Team 45 45 League T79"]
[Site "Internet Chess Club"]
[Date "2018.12.21"]
[Round "1"]
[White "calsal"]
[Black "janh"]
[Result "1/2-1/2"]
[WhiteElo "1829"]
[BlackElo "1920"]
[Opening "French: Réti (Spielmann) variation"]
[ECO "C00"]
[Time "20:30:50"]
[TimeControl "2700+45"]

1. e4 e6 2. b3 d5 3. Bb2 dxe4 4. Nc3 Nf6 5. g4 b6 6. g5 Nfd7 7. Nxe4 Bb7 8. Bg2
Nc6 9. a4 Nc5 10. Nf6+ gxf6 11. Bxf6 Be7 12. Bxh8 Bxg5 13. Bc3 Bf6 14. Qg4 Bxc3
15. dxc3 Qf6 16. Ne2 Ne5 17. Qg3 Nf3+ 18. Bxf3 Bxf3 19. Rg1 O-O-O 20. Qf4 Qxf4
21. Nxf4 Ne4 22. Ne2 Bxe2 23. Kxe2 Nxc3+ 24. Ke3 Rd5 25. Rg8+ Kb7 26. Rag1 Rf5
27. R8g7 Nd5+ 28. Ke2 h6 29. Rh7 Nf4+ 30. Ke1 Re5+ 31. Kd1 Rd5+ 32. Ke1 Re5+ 33.
Kf1 Rd5 34. Ke1 Re5+ {Game drawn by repetition} 1/2-1/2

[Event "Team 45 45 League T79"]
[Site "Internet Chess Club"]
[Date "2018.12.19"]
[Round "1"]
[White "THE-WARRIOR"]
[Black "Portola"]
[Result "1-0"]
[WhiteElo "1556"]
[BlackElo "1712"]
[Opening "Queen's gambit declined"]
[ECO "D30"]
[Time "20:00:09"]
[TimeControl "2700+45"]

1. d4 d5 2. c4 e6 3. e3 Nf6 4. Nc3 Be7 5. Bd3 O-O 6. Nf3 Nbd7 7. O-O b6 8. cxd5
exd5 9. a3 c5 10. Re1 Bb7 11. Ng5 h6 12. Nh3 a6 13. Qf3 Qc7 14. Nf4 Bd6 15.
Ncxd5 Bxd5 16. Nxd5 Nxd5 17. Qxd5 Nf6 18. Qf5 Bxh2+ 19. Kh1 cxd4 20. e4 Be5 21.
f4 g6 22. Qxe5 Qd8 23. f5 g5 24. Kg1 Re8 25. Qg3 Nh5 26. Qf3 Nf6 27. e5 g4 28.
Qf4 h5 29. Qg5+ Kh7 30. Bd2 Nd5 31. f6+ {Black resigns} 1-0

[Event "Team 45 45 League T79"]
[Site "Internet Chess Club"]
[Date "2018.12.21"]
[Round "1"]
[White "kabindra"]
[Black "President"]
[Result "1/2-1/2"]
[WhiteElo "1729"]
[BlackElo "1670"]
[Opening "Philidor's defense"]
[ECO "C41"]
[Time "12:00:51"]
[TimeControl "2700+45"]

1. e4 e5 2. Nf3 d6 3. Bc4 Be7 4. h3 Nf6 5. Nc3 c6 6. d4 Nbd7 7. dxe5 dxe5 8. Bb3
Qc7 9. O-O Nc5 10. Bc4 b5 11. Be2 Ncxe4 12. Nxe4 Nxe4 13. Bd3 Nc5 14. Re1 Nxd3
15. Qxd3 f6 16. Qb3 Qd7 17. Be3 Qe6 18. Qc3 O-O 19. b3 Bd7 20. Rad1 Rfd8 21. Bf4
Be8 22. Nd4 Rxd4 23. Rxd4 exd4 24. Rxe6 dxc3 25. Rxe7 a5 26. a3 Rd8 27. Kh2 Kf8
28. Rb7 Bg6 29. Bc7 Rd7 30. Rb8+ Kf7 31. Bxa5 Bxc2 32. Bxc3 Bxb3 33. h4 c5 34.
Rxb5 c4 35. h5 Ke6 36. g4 g6 37. Rb6+ Kd5 38. hxg6 hxg6 39. Rxf6 Rd6 40. g5 Rxf6
41. gxf6 Ke6 42. Kg3 Ba4 43. Kf4 Bc6 44. Kg5 Kf7 45. Kf4 Ke6 46. Ke3 Bd5 47. Kd4
Kd6 48. Bb4+ Kc6 49. a4 Bf7 50. f4 Kb6 51. Ke5 Kc6 52. f5 gxf5 53. Kxf5 Kd5 54.
Bc3 Kc5 55. Kg5 Kb6 56. Kh6 Ka6 57. Kg7 Bd5 58. f7 Bxf7 59. Kxf7 Ka7 60. Ke6 Ka8
61. a5 Ka7 62. Kd6 Ka8 63. Kc5 Ka7 64. Kxc4 Ka8 65. Kb5 Kb7 66. Bd2 Ka8 67. Kb6
Kb8 68. Kc6 Ka7 69. Kc7 Ka8 70. Kd8 Kb7 71. Bf4 Ka6 72. Bc7 Kb7 73. Kd7 Ka8 74.
Kc8 Ka7 {Game drawn by mutual agreement} 1/2-1/2

[Event "Team 45 45 League T79"]
[Site "Internet Chess Club"]
[Date "2018.12.21"]
[Round "1"]
[White "room-matt"]
[Black "LookImYourVader"]
[Result "0-1"]
[WhiteElo "1831"]
[BlackElo "1853"]
[Opening "Scandinavian: Marshall variation"]
[ECO "B01"]
[Time "14:00:54"]
[TimeControl "2700+45"]

1. e4 d5 2. exd5 Nf6 3. d4 Nxd5 4. c4 Nb6 5. c5 Nd5 6. Bc4 g6 7. Nc3 c6 8. Qb3
Bg7 9. Nxd5 cxd5 10. Bxd5 O-O 11. Bxb7 Bxb7 12. Qxb7 Qxd4 13. Qxa8 Rd8 14. Be3
Qxb2 15. Rc1 Qb4+ 16. Kf1 Qb5+ 17. Ne2 Nc6 18. Qxd8+ Nxd8 19. f3 Nc6 20. Kf2 Qb2
21. Rhd1 Qxa2 22. Rd7 Be5 23. h3 a5 24. f4 Bf6 25. Rcd1 h5 26. g4 hxg4 27. hxg4
Bh4+ 28. Kf3 Qe6 29. Nc3 f5 30. gxf5 Qxf5 31. R7d5 Qh3+ 32. Ke2 Qg2+ 33. Kd3
Nb4+ 34. Kc4 Nxd5 35. Rxd5 Qf1+ 36. Kb3 a4+ 37. Nxa4 Qf3 38. Rd3 Bf2 {White
resigns} 0-1

[Event "Team 45 45 League T79"]
[Site "Internet Chess Club"]
[Date "2018.12.22"]
[Round "1"]
[White "bennywins"]
[Black "LinceHispano44"]
[Result "1-0"]
[WhiteElo "1693"]
[BlackElo "1707"]
[Opening "French: advance, Paulsen attack"]
[ECO "C02"]
[Time "15:02:22"]
[TimeControl "2700+45"]

1. e4 e6 2. d4 d5 3. e5 c5 4. c3 Nc6 5. Nf3 Nge7 6. Be3 cxd4 7. cxd4 Qb6 8. Qd2
Nf5 9. Bd3 Be7 10. Nc3 Nxe3 11. fxe3 Bd7 12. a3 Na5 13. Qe2 Rc8 14. O-O Nc4 15.
Nd1 Ba4 16. b4 Bxd1 17. Rfxd1 O-O 18. Rdc1 Rc6 19. Bxc4 Rfc8 20. Nd2 a6 21. Rc2
Qc7 22. Rac1 dxc4 23. Rxc4 Qb6 24. Rxc6 Rxc6 25. Rxc6 Qxc6 26. Qc4 Qa4 27. Qb3
Qb5 28. Kf2 a5 29. bxa5 Qxa5 30. Nc4 Qd5 31. a4 h5 32. Nd2 Qa5 33. Ne4 Qc7 34.
Nd6 Bxd6 35. exd6 Qxd6 36. Qxb7 Qa3 37. Qb5 Qa2+ 38. Kf3 Qc2 39. a5 Qd1+ 40. Qe2
Qb1 41. a6 Qf5+ 42. Kg3 Qg5+ 43. Kf2 Qf5+ 44. Qf3 Qc2+ 45. Kg3 Qa2 46. Qb7 h4+
47. Kh3 Qe2 48. a7 {Black resigns} 1-0

[Event "Team 45 45 League T79"]
[Site "Internet Chess Club"]
[Date "2018.12.28"]
[Round "1"]
[White "Goli"]
[Black "SuperPuzzler"]
[Result "0-1"]
[WhiteElo "1670"]
[BlackElo "1728"]
[Opening "Ruy Lopez: exchange variation"]
[ECO "C68"]
[Time "13:01:33"]
[TimeControl "2700+45"]

1. e4 e5 2. Nf3 Nc6 3. Bb5 a6 4. Bxc6 dxc6 5. h3 Bd6 6. O-O Be6 7. d4 exd4 8.
Nxd4 Qe7 9. Nxe6 Qxe6 10. Re1 O-O-O 11. Qf3 Ne7 12. Bf4 Bxf4 13. Qxf4 Ng6 14.
Qe3 Kb8 15. f4 Qf6 16. f5 Qxb2 17. Na3 Ne5 18. Kh1 Qd4 19. Qb3 b6 20. c3 Qd3 21.
Rad1 Qg3 22. Nc4 Rxd1 23. Rxd1 Nd3 24. Rf1 Nf2+ 25. Kg1 Nxh3+ 26. Kh1 Nf4 27.
Qb2 h5 28. Nxb6 Nd3 29. Nd7+ Kc8 30. Qb8+ Kxd7 31. Qxh8 Ne1 32. Rxe1 Qxe1+ 33.
Kh2 Qxe4 34. Qxh5 Qe5+ 35. g3 g6 36. Qd1+ Qd5 37. Qa4 Qxf5 38. Qxa6 Qc2+ 39. Kh3
Qxc3 40. Qf1 Qh8+ 41. Kg4 Qh5+ {White resigns} 0-1

[Event "Team 45 45 League T79"]
[Site "Internet Chess Club"]
[Date "2018.12.30"]
[Round "1"]
[White "Percival"]
[Black "Manon"]
[Result "1/2-1/2"]
[WhiteElo "1957"]
[BlackElo "2027"]
[Opening "Dutch defense, Rubinstein variation"]
[ECO "A40"]
[Time "06:00:22"]
[TimeControl "2700+45"]

1. d4 e6 2. c4 f5 3. Nc3 Nf6 4. f3 b6 5. e3 Bb7 6. Bd3 Be7 7. Nge2 O-O 8. O-O a5
9. Qc2 Nc6 10. a3 Qe8 11. Bd2 Nd8 12. Nb5 Rc8 13. Na7 Ra8 14. Nb5 Rc8 15. Na7
Ra8 16. Nb5 {Game drawn by repetition} 1/2-1/2

[Event "Team 45 45 League T79"]
[Site "Internet Chess Club"]
[Date "2018.12.24"]
[Round "1"]
[White "LookImYourVader"]
[Black "jjimalo"]
[Result "1/2-1/2"]
[WhiteElo "1848"]
[BlackElo "1743"]
[Opening "Sicilian: Alapin's variation (2.c3)"]
[ECO "B22"]
[Time "12:04:04"]
[TimeControl "2700+45"]

1. e4 c5 2. c3 Nf6 3. e5 Nd5 4. d4 cxd4 5. cxd4 d6 6. Nf3 Nc6 7. Bc4 Nb6 8. Bb5
dxe5 9. Nxe5 Bd7 10. Nxd7 Qxd7 11. Nc3 e6 12. O-O Be7 13. Qg4 O-O 14. Bxc6 bxc6
15. Bh6 Bf6 16. Rfd1 Kh8 17. Ne4 Qe7 18. Bf4 Rfd8 19. Nxf6 Qxf6 20. Be5 Qg6 21.
Qxg6 hxg6 22. Rac1 Rac8 23. Kf1 Rd5 24. Ke2 f6 25. Bf4 g5 26. Be3 Kg8 27. Rc2
Kf7 28. Rdc1 Rd6 29. Rc5 Nd5 30. Ra5 Rc7 31. a3 Ke7 32. b4 Rb7 33. Rcc5 Kd7 34.
Kd3 Nxe3 35. Kxe3 Rd5 36. Rxd5+ exd5 37. f4 gxf4+ 38. Kxf4 g6 39. Ra6 Kd6 40. h4
Re7 41. b5 Re4+ 42. Kf3 Rxd4 43. Rxc6+ Ke5 44. Ra6 Rxh4 45. Rxa7 Rh1 46. a4 Rb1
47. Ra6 Rb2 48. b6 d4 49. a5 g5 50. g4 f5 51. gxf5 Kxf5 52. Ra7 g4+ 53. Kg3 d3
54. Rd7 d2 55. Rxd2 Rxd2 56. a6 Rd3+ 57. Kg2 Rd2+ 58. Kf1 Rd1+ 59. Kf2 Rd2+ 60.
Ke3 g3 61. Kxd2 g2 62. b7 g1=Q 63. b8=Q Qd4+ {Game drawn by mutual agreement}
1/2-1/2

[Event "Team 45 45 League T79"]
[Site "Internet Chess Club"]
[Date "2018.12.27"]
[Round "1"]
[White "alegro"]
[Black "Knight77"]
[Result "1-0"]
[WhiteElo "1910"]
[BlackElo "1765"]
[Opening "French: Tarrasch, closed variation"]
[ECO "C05"]
[Time "19:01:09"]
[TimeControl "2700+45"]

1. e4 e6 2. d4 d5 3. Nd2 Nf6 4. e5 Nfd7 5. Bd3 Nc6 6. c3 Be7 7. f4 h6 8. Ndf3
O-O 9. Ne2 f5 10. exf6 Nxf6 11. O-O Bd6 12. Ne5 {Black forfeits on time} 1-0

[Event "Team 45 45 League T79"]
[Site "Internet Chess Club"]
[Date "2018.12.22"]
[Round "1"]
[White "santiagoelawad"]
[Black "janh"]
[Result "1-0"]
[WhiteElo "1934"]
[BlackElo "1904"]
[Opening "English: four knights, kingside fianchetto"]
[ECO "A29"]
[Time "09:01:39"]
[TimeControl "2700+45"]

1. c4 e5 2. Nc3 Nc6 3. Nf3 Nf6 4. g3 a6 5. Bg2 Bc5 6. Nxe5 Bxf2+ 7. Kxf2 Nxe5 8.
b3 Nfg4+ 9. Kg1 Qf6 10. Qf1 Qb6+ 11. e3 c6 12. h3 Nf6 13. d4 Ng6 14. Qd3 O-O 15.
Kh2 d6 16. Rf1 Qc7 17. a4 h5 18. Bd2 h4 19. g4 Bxg4 20. Rxf6 gxf6 21. hxg4 d5+
22. Kh1 h3 23. Bf3 Kg7 24. cxd5 Rae8 25. Rf1 Qg3 26. Be1 Qc7 27. dxc6 bxc6 28.
Ne4 Re6 29. Ng3 Rfe8 30. Nf5+ Kg8 31. b4 Qd7 32. Qxa6 c5 33. Qb5 Qxb5 34. axb5
cxd4 35. Bc6 dxe3 36. Bxe8 Rxe8 37. Rf3 e2 38. Re3 Ne5 39. Rxe2 Rb8 40. Bg3 Rxb5
41. Bxe5 fxe5 42. Rb2 Kh7 43. Kh2 Kg6 44. Kxh3 Kg5 45. Kg3 Rd5 46. Rb3 {Black
resigns} 1-0

[Event "Team 45 45 League T79"]
[Site "Internet Chess Club"]
[Date "2018.12.23"]
[Round "1"]
[White "primerpaso"]
[Black "achessman"]
[Result "0-1"]
[WhiteElo "1750"]
[BlackElo "1896"]
[Opening "English opening"]
[ECO "A13"]
[Time "21:31:07"]
[TimeControl "2700+45"]

1. c4 e6 2. Nc3 d5 3. cxd5 exd5 4. d4 Be7 5. g3 Nf6 6. Bg2 O-O 7. Nf3 c6 8. O-O
Bf5 9. a3 Qc8 10. Bf4 Bh3 11. Rc1 Bxg2 12. Kxg2 Qd8 13. b4 Nbd7 14. Qb3 Nb6 15.
Rfd1 h6 16. h3 Nc4 17. Ne5 Nd6 18. Na4 g5 19. Bd2 Nd7 20. Bc3 Re8 21. Nc5 Nb6
22. e4 Rb8 23. f3 Bf8 24. Re1 Bg7 25. Rcd1 Nbc4 26. Nxc4 Nxc4 27. e5 Qc8 28. Nd3
Qf5 29. a4 f6 30. g4 Qg6 31. f4 gxf4 32. Nxf4 Qg5 33. Kg3 fxe5 34. dxe5 Bxe5 35.
Bxe5 Rxe5 36. Rxe5 Qxe5 37. Qd3 Qe3+ 38. Qxe3 Nxe3 39. Re1 Nc2 40. Re7 Rd8 41.
Nh5 d4 42. Nf6+ Kf8 43. Rxb7 Rd6 44. Ne4 d3 45. Nd2 Re6 46. b5 Nd4 47. Rd7 c5
48. Rxa7 Re3+ 49. Kf4 Re2 50. b6 Rxd2 51. Rc7 Rb2 52. Ke3 d2 {White resigns} 0-1

[Event "Team 45 45 League T79"]
[Site "Internet Chess Club"]
[Date "2019.01.05"]
[Round "1"]
[White "calsal"]
[Black "Packerfan"]
[Result "1-0"]
[WhiteElo "1839"]
[BlackElo "1691"]
[Opening "Blackmar-Diemer gambit"]
[ECO "D00"]
[Time "10:06:18"]
[TimeControl "2700+45"]

1. d4 Nf6 2. Nc3 d5 3. e4 dxe4 4. f3 exf3 5. Nxf3 Bg4 6. h3 Bxf3 7. Qxf3 c6 8.
Be3 e6 9. Bd3 Be7 10. O-O O-O 11. Rf2 Nbd7 12. Raf1 Nb6 13. Ne4 Nbd5 14. Bd2 Qd7
15. g4 Rad8 16. c3 c5 17. Nxc5 Bxc5 18. dxc5 Ne3 19. Bxh7+ Nxh7 20. Bxe3 Qd5 21.
h4 Qxa2 22. Qxb7 Rb8 23. Qc7 Rxb2 24. Rxf7 Rg2+ 25. Kh1 Rxg4 26. Rxf8+ Nxf8 27.
Qf7+ Kh8 28. Qh5+ Kg8 29. Qxg4 {Black resigns} 1-0

[Event "Team 45 45 League T79"]
[Site "Internet Chess Club"]
[Date "2018.12.20"]
[Round "1"]
[White "Gojira"]
[Black "julesraider"]
[Result "1-0"]
[WhiteElo "1674"]
[BlackElo "1580"]
[Opening "Queen's pawn: London system"]
[ECO "A45"]
[Time "20:00:46"]
[TimeControl "2700+45"]

1. d4 Nf6 2. Bf4 g6 3. e3 Bg7 4. Be2 O-O 5. h3 d6 6. Nf3 Nbd7 7. c3 c5 8. O-O b6
9. a4 a6 10. Nbd2 Bb7 11. Qb3 Qc7 12. Rfe1 h6 13. Bh2 Rfe8 14. Bf1 e5 15. dxe5
dxe5 16. Nc4 Bd5 17. Nfd2 Qc6 18. Qc2 b5 19. axb5 axb5 20. Rxa8 Rxa8 21. Nxe5
Nxe5 22. Bxe5 Ra2 23. Nb3 Be4 24. Qd2 Bd5 25. Bxf6 Bxf6 26. Nc1 Ra8 27. Bxb5
Qxb5 28. Qxd5 Rd8 29. Qb3 Qd7 30. Kf1 Qd6 31. Ne2 Be5 32. f4 Bf6 33. Qc2 Bh4 34.
g3 Bf6 35. Ng1 Qa6+ 36. Re2 Qa1+ 37. Re1 Qa6+ 38. Kf2 Qd6 39. Nf3 g5 40. Re2
gxf4 41. exf4 Qb6 42. Rd2 c4+ 43. Kg2 Qc6 44. Rxd8+ Bxd8 45. Qe2 Bb6 46. Qe5 Ba7
47. h4 Kh7 48. Qe7 Qa8 49. Qxf7+ Kh8 50. Qxc4 Qb7 51. b4 Bb6 52. Qd3 Kg7 53. c4
Ba7 54. c5 Qc6 55. g4 Bb8 56. Kg3 Bc7 57. Qd4+ Kg8 58. Qc4+ Kg7 59. b5 Qf6 60.
Qd4 Bxf4+ 61. Qxf4 Qc3 62. Qd4+ Qxd4 63. Nxd4 Kf7 64. b6 {Black resigns} 1-0

[Event "Team 45 45 League T79"]
[Site "Internet Chess Club"]
[Date "2018.12.31"]
[Round "1"]
[White "MathBandit"]
[Black "Bizzy-Ketty"]
[Result "0-1"]
[WhiteElo "1542"]
[BlackElo "1602"]
[Opening "Sicilian defense"]
[ECO "B40"]
[Time "14:00:15"]
[TimeControl "2700+45"]

1. e4 c5 2. Nf3 e6 3. Bb5 Nc6 4. Bxc6 bxc6 5. d3 d5 6. Nc3 Nf6 7. Bg5 Be7 8. O-O
h6 9. Bh4 Nxe4 10. dxe4 Bxh4 11. Re1 O-O 12. Qd3 a5 13. Rad1 Ba6 14. Qe3 Be7 15.
Na4 d4 16. Qf4 Bb5 17. Nc3 Qb8 18. Qxb8 Raxb8 19. Nxb5 cxb5 20. Ne5 Rbc8 21. h3
Rfd8 22. a4 Bd6 23. Nf3 b4 24. b3 f6 25. e5 fxe5 26. Nxe5 Bxe5 27. Rxe5 Kf7 28.
Rde1 Rc6 29. g4 g5 30. Kg2 Kf6 31. Kg3 d3 32. cxd3 Rxd3+ 33. Kg2 Rxb3 34. R5e3
Rxe3 35. Rxe3 c4 36. Kf1 c3 37. Ke2 c2 {White resigns} 0-1

[Event "Team 45 45 League T79"]
[Site "Internet Chess Club"]
[Date "2018.12.22"]
[Round "1"]
[White "clarinetref"]
[Black "Chess4Him"]
[Result "0-1"]
[WhiteElo "1489"]
[BlackElo "1511"]
[Opening "Réti opening"]
[ECO "A05"]
[Time "21:00:36"]
[TimeControl "2700+45"]

1. Nf3 Nf6 2. g3 d5 3. Bg2 c5 4. e3 Nc6 5. b3 e6 6. Bb2 Be7 7. O-O O-O 8. d3 Qc7
9. Nbd2 b5 10. c4 bxc4 11. dxc4 Ba6 12. a3 Rfd8 13. Qc2 Rab8 14. Rfc1 d4 15.
exd4 cxd4 16. Qd3 e5 17. b4 Bb7 18. Ng5 a5 19. b5 Na7 20. Nge4 Nc8 21. a4 Nd6
22. c5 Ndxe4 23. Nxe4 Nxe4 24. Bxe4 Bxe4 25. Qxe4 f6 26. b6 Qc8 27. Ba3 Qe6 28.
Qe1 d3 29. Qxa5 d2 30. Rd1 Qd5 31. Qc3 e4 32. a5 f5 33. c6 Bf6 34. Qc2 Rbc8 35.
Ra2 Rxc6 36. Qxd2 Qb5 37. Qe1 Rxd1 38. Qxd1 Qxa5 39. b7 Rb6 40. Qd7 Qb5 41. Qc8+
Kf7 42. Qc7+ Kg6 43. b8=Q Rxb8 44. Rc2 Rb7 45. Qf4 Qd3 46. Ra2 Rb1+ 47. Bc1 Qd1+
48. Kg2 Rxc1 {White resigns} 0-1

[Event "Team 45 45 League T79"]
[Site "Internet Chess Club"]
[Date "2018.12.23"]
[Round "1"]
[White "Portola"]
[Black "kidcobra"]
[Result "0-1"]
[WhiteElo "1664"]
[BlackElo "1795"]
[Opening "Queen's pawn game"]
[ECO "A45"]
[Time "17:06:42"]
[TimeControl "2700+45"]

1. d4 Nf6 2. c3 e6 3. Nf3 d5 4. Bg5 h6 5. Bh4 c5 6. e3 cxd4 7. exd4 Be7 8. Nbd2
O-O 9. Bd3 Nc6 10. O-O Nd7 11. Bg3 Nf6 12. Re1 Nh5 13. Be5 f6 14. Bg3 Nxg3 15.
hxg3 Bd6 16. Nh4 f5 17. Ng6 Rf6 18. Nf4 Bxf4 19. gxf4 g5 20. fxg5 Rg6 21. gxh6
Qg5 22. g3 Rxh6 23. Nf3 Qh5 24. Kf1 Qh1+ 25. Ke2 Qh5 26. Rh1 Qg6 27. Qd2 Rxh1
28. Rxh1 Bd7 29. Rh6 Qg7 30. Rh5 Kf8 31. Qf4 Ke7 32. Qh4+ Kd6 33. Qf4+ Ke7 34.
Ng5 Rh8 35. Qh4 Rxh5 36. Qxh5 Be8 37. Qh4 Kd6 38. f4 Nxd4+ 39. cxd4 Qxd4 40. Nf3
Qxb2+ 41. Nd2 Qb6 42. Qf6 Bh5+ 43. Nf3 Qg1 44. Qd8+ Kc6 45. Qc8+ Kd6 46. Qd8+
Kc6 47. Qc8+ Kd6 48. Qf8+ Kc6 49. Qc8+ Kd6 50. Bb5 Qg2+ 51. Ke1 Qxg3+ 52. Kd2
Qxf4+ 53. Kc2 Qxf3 54. Qf8+ Ke5 55. Qb8+ Ke4 56. Qxb7 Qd1+ 57. Kb2 Qd2+ 58. Kb1
Qb4+ 59. Ka1 Qc3+ 60. Kb1 Bd1 61. Qc6 Bc2+ 62. Kc1 Qxc6 63. Bxc6 Bd3 64. Kd2 f4
65. Be8 Kd4 66. Bh5 e5 67. a4 e4 68. a5 f3 69. Ke1 Ke3 {White resigns} 0-1

[Event "Team 45 45 League T79"]
[Site "Internet Chess Club"]
[Date "2018.12.30"]
[Round "1"]
[White "evan7284"]
[Black "JWB"]
[Result "1/2-1/2"]
[WhiteElo "1545"]
[BlackElo "1571"]
[Opening "Queen's pawn"]
[ECO "A40"]
[Time "10:01:12"]
[TimeControl "2700+45"]

1. d4 e6 2. Bf4 f5 3. Nd2 Nf6 4. e3 Be7 5. Bd3 d6 6. Ngf3 O-O 7. h3 Qe8 8. c3 a5
9. Qe2 Nbd7 10. O-O-O b6 11. g4 Nd5 12. Bh2 c5 13. e4 fxg4 14. hxg4 Nf4 15. Bxf4
Rxf4 16. e5 Nf8 17. exd6 Bxd6 18. g5 cxd4 19. Nxd4 Qf7 20. f3 Bd7 21. Kb1 a4 22.
Ne4 Be7 23. Qh2 g6 24. Nf6+ Rxf6 25. gxf6 Bxf6 26. Bc4 Rc8 27. Qe2 Rc5 28. Rhe1
Re5 29. Qf2 Rc5 30. Qe2 {Game drawn by mutual agreement} 1/2-1/2

[Event "Team 45 45 League T79"]
[Site "Internet Chess Club"]
[Date "2018.12.20"]
[Round "1"]
[White "rubo"]
[Black "bennywins"]
[Result "0-1"]
[WhiteElo "1542"]
[BlackElo "1639"]
[Opening "Queen's pawn, Mason variation"]
[ECO "D00"]
[Time "16:00:38"]
[TimeControl "2700+45"]

1. d4 d5 2. Bf4 Bf5 3. c4 dxc4 4. Nc3 c6 5. e4 Bg6 6. a4 Nf6 7. f3 e6 8. Bxc4
Bb4 9. Ne2 O-O 10. O-O Qb6 11. Qb3 Rd8 12. Rfd1 Nbd7 13. Na2 Ba5 14. Be3 Qxb3
15. Bxb3 Bb6 16. Nb4 c5 17. dxc5 Nxc5 18. Bc2 Nxa4 19. Bxb6 Nxb6 20. Rxd8+ Rxd8
21. Rxa7 Rd7 22. Ba4 Rc7 23. Nc3 h5 24. Bb5 Nc8 25. Ra8 Kh7 26. Nd3 Nd6 27. Ba4
Nd7 28. Bxd7 Rxd7 29. Ne5 Rc7 30. h4 f6 31. Nxg6 Kxg6 32. Rd8 Nc4 33. Nb5 Rc6
34. Nd4 Rb6 35. b3 Na5 36. Re8 e5 37. Ne6 Kf7 38. Nc7 Rc6 39. Rc8 Nxb3 40. Kh2
Nd4 41. Ne8 Nb5 42. Rb8 b6 43. Kg3 Re6 44. Nc7 Nxc7 45. Rb7 Rc6 46. Kh3 Kg6 47.
g4 hxg4+ 48. Kxg4 Ne6 49. h5+ Kh6 50. Rb8 Kh7 51. Rb7 Nd4 52. f4 exf4 53. Kxf4
b5 54. Ke3 Rc4 55. Kd3 Ra4 56. Rb6 Kh6 57. Rb7 Ne6 58. Rxb5 Nf4+ 59. Ke3 Nxh5
60. e5 fxe5 61. Rxe5 Nf6 62. Re6 Ra3+ 63. Kf2 Kg6 64. Kg2 Kf5 65. Re1 g5 66. Re2
Kg4 67. Rf2 Rg3+ 68. Kf1 Rf3 69. Kg2 Rxf2+ 70. Kxf2 Kf4 71. Kg2 g4 72. Kf2 g3+
73. Kg2 Kg4 74. Kg1 Kf3 75. Kf1 g2+ 76. Kg1 Ne4 77. Kh2 Kf2 {White resigns} 0-1

[Event "Team 45 45 League T79"]
[Site "Internet Chess Club"]
[Date "2018.12.22"]
[Round "1"]
[White "Kingfisher75"]
[Black "g8wrb"]
[Result "1/2-1/2"]
[WhiteElo "1559"]
[BlackElo "1355"]
[Opening "French: Tarrasch, closed variation"]
[ECO "C05"]
[Time "14:07:35"]
[TimeControl "2700+45"]

1. d4 e6 2. e4 d5 3. Nd2 Nf6 4. e5 Nfd7 5. Bd3 c5 6. c3 Nc6 7. Ne2 Qb6 8. Nf3
cxd4 9. cxd4 Be7 10. O-O O-O 11. Ng3 f5 12. exf6 Nxf6 13. b3 Bd7 14. Bb2 Rac8
15. Ne5 Be8 16. Rc1 Qd8 17. Qe2 Qd6 18. Bb1 Bf7 19. Rfe1 Qb4 20. Bc3 Qb6 21.
Nxf7 Rxf7 22. Qxe6 Re8 23. Qf5 Nxd4 24. Bxd4 Qxd4 25. Red1 Qg4 26. Rxd5 Qxf5 27.
Rxf5 Ba3 28. Rd1 Rd7 29. Bc2 Rxd1+ 30. Bxd1 Re1+ 31. Nf1 Rxd1 32. Ra5 Bd6 33.
Rxa7 Bxh2+ 34. Kxh2 Rxf1 35. Rxb7 Rxf2 36. a4 Ra2 37. b4 Rxa4 38. b5 Rb4 39. b6
Nd7 40. Rxd7 Rxb6 41. g4 Rb3 42. Rc7 h6 43. Kg2 Kh7 44. Rc6 Kg8 45. Rc7 Kh7 46.
Rc6 g6 47. Rc7+ Kg8 48. Rc6 Kf7 49. Rc7+ Kf6 50. Rh7 Kg5 51. Rh8 Kxg4 52. Rxh6
Kg5 53. Rh8 Kg4 54. Rg8 g5 55. Kf2 Rh3 56. Kg2 Rc3 57. Kf2 Ra3 58. Rg7 Rf3+ 59.
Kg2 Rf5 60. Rg8 Kf4 61. Rb8 Re5 62. Rb4+ Kf5 63. Kf3 Re1 64. Rb5+ Re5 65. Rxe5+
Kxe5 66. Kg4 Kf6 67. Kg3 Kf5 68. Kf3 g4+ 69. Kg3 Kg5 70. Kg2 Kh4 71. Kh2 g3+ 72.
Kg2 Kg4 73. Kg1 Kh3 74. Kh1 Kg4 75. Kg2 Kf4 76. Kg1 Kf3 77. Kf1 Kg4 78. Kg2 Kh4
79. Kg1 Kh3 80. Kh1 Kg4 81. Kg2 {Game drawn by repetition} 1/2-1/2

[Event "Team 45 45 League T79"]
[Site "Internet Chess Club"]
[Date "2018.12.21"]
[Round "1"]
[White "warsaviensis"]
[Black "Goli"]
[Result "1-0"]
[WhiteElo "1661"]
[BlackElo "1683"]
[Opening "King's Indian: East Indian defense"]
[ECO "A48"]
[Time "16:00:28"]
[TimeControl "2700+45"]

1. d4 Nf6 2. Nf3 g6 3. e3 Bg7 4. Be2 O-O 5. O-O d6 6. c4 Nc6 7. Nc3 a6 8. Rb1
Bf5 9. Bd3 Bg4 10. h3 Bxf3 11. Qxf3 e5 12. dxe5 Nxe5 13. Qe2 Nxd3 14. Qxd3 Qe7
15. b3 Rad8 16. Rd1 Rfe8 17. a4 Nd7 18. Nd5 Qh4 19. Nxc7 Nc5 20. Qc2 Re5 21. b4
Ne4 22. Bb2 Rg5 23. f4 Qxh3 24. Qxe4 Rg3 25. Bxg7 Kxg7 26. Nd5 Rc8 27. Kf2 Qh4
28. Rh1 Rh3+ 29. g3 Qxg3+ 30. Ke2 Rxh1 31. Rxh1 Rxc4 32. Rxh7+ Kxh7 33. Qxc4
Qg2+ 34. Ke1 Qh1+ 35. Kd2 Qg2+ 36. Kc3 Qf2 37. a5 Qe1+ 38. Kd4 Qa1+ 39. Nc3 Kg7
40. Kd5 Qc1 41. Qd4+ Kf8 42. Kxd6 Qh1 43. Qc5 Kg7 44. Kc7 Qf3 45. Nd5 Qe4 46.
Qd4+ Qxd4 47. exd4 f6 48. Kxb7 Kf7 49. Kxa6 Ke6 50. Ne3 g5 51. fxg5 fxg5 52. b5
{Black resigns} 1-0

[Event "Team 45 45 League T79"]
[Site "Internet Chess Club"]
[Date "2018.12.21"]
[Round "1"]
[White "ChessRooklift"]
[Black "ascoli"]
[Result "1-0"]
[WhiteElo "1687"]
[BlackElo "1664"]
[Opening "Caro-Kann: advance variation"]
[ECO "B12"]
[Time "14:08:10"]
[TimeControl "2700+45"]

1. e4 c6 2. d4 d5 3. e5 Bf5 4. Bd3 Bxd3 5. Qxd3 e6 6. Nf3 c5 7. dxc5 Nc6 8. O-O
Bxc5 9. a3 Qb6 10. Nc3 Qc7 11. Nb5 Qb8 12. Bf4 f6 13. exf6 Qxf4 14. fxg7 Qf6 15.
gxh8=Q Qxh8 16. Nc7+ {Black resigns} 1-0

[Event "Team 45 45 League T79"]
[Site "Internet Chess Club"]
[Date "2018.12.21"]
[Round "1"]
[White "pokerram"]
[Black "Egmont"]
[Result "0-1"]
[WhiteElo "1568"]
[BlackElo "1570"]
[Opening "French: Steinitz, Boleslavsky variation"]
[ECO "C11"]
[Time "11:01:01"]
[TimeControl "2700+45"]

1. e4 e6 2. d4 d5 3. Nc3 Nf6 4. e5 Nfd7 5. f4 c5 6. Nf3 Nc6 7. Be3 Be7 8. Qd2
cxd4 9. Nxd4 Nxd4 10. Bxd4 a6 11. a3 O-O 12. Bd3 f6 13. O-O fxe5 14. fxe5 Bc5
15. Rxf8+ Qxf8 16. Qe3 Bxd4 17. Qxd4 Qc5 18. Qxc5 Nxc5 19. Re1 b5 20. Bf1 Bb7
21. b4 Nd7 22. Na2 Rf8 23. Nc1 Rc8 24. Re2 Rc3 25. Nb3 Nb6 26. Rf2 Nc4 27. Bxc4
dxc4 28. Nc5 Bd5 29. Nd7 h6 30. Rf8+ Kh7 31. Rf7 Kg6 32. Rf2 Rxa3 33. Nf8+ Kh5
34. Rf7 Ra1+ 35. Kf2 Rc1 36. Rxg7 Rxc2+ 37. Kg1 Rxg2+ 38. Rxg2 Bxg2 39. Nxe6 Be4
40. Nf4+ Kg5 41. Ne2 Kf5 42. e6 Kxe6 43. Kf2 Ke5 44. Ke3 Bd3 45. Nf4 Bh7 46. Ne2
Bg6 47. Nf4 Bf5 48. Ne2 Kd6 49. Kd4 Kc6 50. Nc3 Be6 51. Ne4 Kb6 52. Nc5 Bf5 53.
Ke5 Bh3 54. Ne4 a5 55. bxa5+ Kxa5 56. Kd4 Be6 57. Nc5 Bf7 58. Nb7+ Ka4 59. Nc5+
Ka3 60. Ne4 b4 61. Nd6 Bg8 62. Nb5+ Ka2 63. Ke3 b3 64. Nc3+ Ka1 65. Kd2 Bh7 66.
Nd1 b2 {White resigns} 0-1

[Event "Team 45 45 League T79"]
[Site "Internet Chess Club"]
[Date "2018.12.30"]
[Round "1"]
[White "scostanzo212"]
[Black "Megasus"]
[Result "0-1"]
[WhiteElo "1526"]
[BlackElo "1550"]
[Opening "Queen's pawn game"]
[ECO "A50"]
[Time "22:01:40"]
[TimeControl "2700+45"]

1. d4 Nf6 2. c4 c6 3. Nf3 d6 4. Nc3 Qc7 5. e4 e5 6. d5 Nbd7 7. Be2 Nc5 8. Qc2 h6
9. O-O Be7 10. b4 Ncd7 11. Be3 Ng4 12. Bc1 a6 13. Nd2 Ngf6 14. Nb3 b5 15. a3
cxd5 16. cxd5 Nb6 17. f3 Bd7 18. Be3 Na4 19. Rfc1 Rc8 20. Bd2 O-O 21. Bd3 Qa7+
22. Kf1 Nh5 23. g4 Bh4 24. Be1 Bxe1 25. Kxe1 Nf4 26. Qd2 Qg1+ 27. Bf1 Nxc3 28.
Rxc3 Rxc3 29. Qxc3 Rc8 30. Qd2 Qh1 31. Nd4 Bxg4 32. fxg4 Qxe4+ 33. Ne2 Nd3+ 34.
Kd1 Nf2+ 35. Ke1 Nxg4 36. h3 Nh2 37. Qa2 Rc2 38. Qb1 Nxf1 39. Qd1 Ne3 40. Ng3
Qg2 {White resigns} 0-1